 Dungeon Crawl Stone Soup version 0.23.2-1-ga50397a (webtiles) character file.

Game seed: 10986943720341868701

35 Aske the Skirmisher (level 3, -1/33 HPs)
             Began as a Ghoul Monk on May 3, 2019.
             Killed from afar by Sigmund (9 damage)
             ... with a magic dart
             ... on level 2 of the Dungeon.
             The game lasted 00:02:55 (946 turns).

Aske the Skirmisher (Ghoul Monk)                     Turns: 946, Time: 00:02:56

Health: -1/33      AC:  3    Str: 14    XL:     3   Next: 35%
Magic:  2/2        EV: 12    Int:  5    God:
Gold:   107        SH:  0    Dex: 12    Spells: 2/2 levels left

rFire    . . .     SeeInvis .   a - +0 hand axe
rCold    + . .     Gourm    .   (no shield)
rNeg     + + +     Faith    .   l - +0 leather armour
rPois    ∞         Spirit   .   (no helmet)
rElec    .         Reflect  .   (no cloak)
rCorr    .         Harm     .   (no gloves)
MR       .....                  (no boots)
Stlth    ++........             (no amulet)
HPRegen  0.00/turn              (no ring)
MPRegen  0.08/turn              (no ring)

@: rotting
A: rotting body, claws 1, carnivore, cold resistance 1, negative energy
resistance 3, inhibited regeneration, torment resistance, unbreathing
a: no special abilities


You were on level 2 of the Dungeon.
You were not hungry.

You visited 1 branch of the dungeon, and saw 2 of its levels.

You collected 107 gold pieces.

Inventory:

Hand Weapons
 a - a +0 hand axe (weapon)
Missiles
 f - a throwing net (quivered)
Armour
 l - a +0 leather armour (worn)
Jewellery
 b - an uncursed ring of poison resistance {unknown}
 m - a +3 ring of slaying {unknown}
Scrolls
 d - 2 scrolls of teleportation {unknown}
 e - a scroll of identify {unknown}
 j - a scroll of amnesia {unknown}
 k - a scroll of immolation {unknown}
Potions
 n - a potion of agility {unknown}
 o - a potion of lignification {unknown}
Comestibles
 c - 3 rations
 h - a chunk of flesh


   Skills:
 + Level 3.7 Fighting
 + Level 3.1 Axes
 + Level 3.0 Dodging
 + Level 2.4 Stealth


You had 2 spell levels left.
You didn't know any spells.
Your spell library was empty.

Dungeon Overview and Level Annotations

Branches:
Dungeon (2/15)

Altars:

Annotations:
D:2 Sigmund


Innate Abilities, Weirdness & Mutations

Your body is rotting away.
You thrive on raw meat.
You are immune to poison.
You have sharp fingernails.
You are carnivorous and can eat meat at any time.
Your flesh is cold resistant. (rC+)
You are immune to negative energy. (rN+++)
You do not regenerate when monsters are visible.
You are immune to unholy pain and torment.
You can survive without breathing.


Message History

You hear a zap.
You miss something. Something hits you!
You hit something. You hit the dart slug.
You hear a zap.
Something tries to affect you, but you resist.
The dart slug misses you.
You closely miss something. You hit the dart slug. Something hits you!
* * * LOW HITPOINT WARNING * * *
The dart slug launches a dart at you. The slug dart misses you.
You barely miss something. You completely miss the dart slug.
You hear a zap.
Something tries to affect you, but you resist.
You closely miss something. You completely miss the dart slug.
The dart slug launches a dart at you.
The slug dart hits you but does no damage.
You hear some strange, mumbled words.
A magic dart appears from out of thin air!
The magic dart hits you!
You die...

#...........
#...........
#......(....
#####...........
................
#.####.............
...........w{......
##.##.......@.......
.####.....#....#......#.
....#.... #....#####..#
........ #....# ##
.......####....#
...............#
...............#
..#.........####
#..........##


You could see a dart slug.

Vanquished Creatures
  A dart slug (D:1)
  A ball python (D:1)
  3 bats (D:1)
  4 goblins (D:1)
  6 hobgoblins (D:1)
  2 jackals (D:1)
  2 kobolds (D:1)
  5 frilled lizards (D:1)
  7 rats
31 creatures vanquished.

Notes
Turn   | Place    | Note
-------+----------+-------------------------------------------
     0 | D:1      | Aske the Ghoul Monk began the quest for the Orb.
     0 | D:1      | Reached XP level 1. HP: 19/19 MP: 0/0
    78 | D:1      | Reached XP level 2. HP: 4/26 MP: 1/1
   491 | D:1      | Reached XP level 3. HP: 27/32 MP: 2/2
   933 | D:2      | Noticed Sigmund
   946 | D:2      | Killed from afar by Sigmund

Skill      XL: |  1  2 |
---------------+-------+-----
Dodging        | 3 |  3.0
Axes           | 3 |  3.1
Fighting       | |  3.7
Stealth        | |  2.4

Action                   || total
-------------------------++-------
Melee: Hand axe          ||   116
  Use: Potion            ||     2
 Stab: Sleeping          ||     4
  Eat: Chunk             ||    10
Armor: Robe              ||    26
       Leather armour    ||     2
Dodge: Dodged            ||    92
